 Dungeon Crawl Stone Soup version 0.23.0 (webtiles) character file.

Game seed: 9843978070812995881

112 Faca the Poker (level 4, -2/37 HPs)
             Began as a Merfolk Gladiator on Feb 17, 2019.
             Slain by Crazy Yiuf
             ... wielding a +2 quarterstaff of chaos
              (12 damage)
             ... on level 2 of the Dungeon.
             The game lasted 00:03:18 (1097 turns).

Faca the Poker (Merfolk Gladiator)                  Turns: 1097, Time: 00:03:19

Health: -2/37      AC:  6    Str: 14    XL:     4   Next: 95%
Magic:  4/4        EV: 12    Int:  7    God:
Gold:   104        SH:  0    Dex: 16    Spells: 3/3 levels left

rFire    . . .     SeeInvis .   a - +0 trident
rCold    . . .     Gourm    .   (no shield)
rNeg     . . .     Faith    .   g - +0 ring mail
rPois    .         Spirit   .   c - +0 helmet
rElec    .         Reflect  .   (no cloak)
rCorr    .         Harm     .   (no gloves)
MR       .....                  (no boots)
Stlth    ..........             (no amulet)
HPRegen  0.12/turn              (no ring)
MPRegen  0.09/turn              (no ring)

@: confused, lethally poisoned (-2 -> -3), lightly drained
A: change form in water, swift swim, stealthy swim
a: no special abilities


You were on level 2 of the Dungeon.
You were not hungry.

You visited 1 branch of the dungeon, and saw 2 of its levels.

You collected 104 gold pieces.

Inventory:

Hand Weapons
 a - a +0 trident (weapon)
Missiles
 d - 3 throwing nets (quivered)
 e - 2 tomahawks
 h - 3 javelins
Armour
 c - a +0 helmet (worn)
 g - a +0 ring mail (worn)
Scrolls
 b - a scroll of fog {unknown}
 i - 2 scrolls of teleportation {unknown}
 k - 3 scrolls of remove curse {unknown}
 l - a scroll of identify {unknown}
 m - a scroll of noise {unknown}
 o - a scroll of amnesia {unknown}
 r - a scroll of blinking {unknown}
Potions
 j - a potion of curing
 n - a potion of heal wounds {unknown}
 p - a potion of might {unknown}
Comestibles
 f - 4 rations
 q - 3 chunks of flesh


   Skills:
 + Level 4.1(3.8) Fighting
 + Level 6.4(6.1) Polearms
 - Level 2.0(1.7) Throwing
 - Level 4.0(3.7) Dodging


You had 3 spell levels left.
You didn't know any spells.
Your spell library was empty.

Dungeon Overview and Level Annotations

Branches:
Dungeon (2/15)

Altars:
Yredelemnul

Annotations:
D:2 Crazy Yiuf


Message History

Crazy Yiuf hits you with a +2 quarterstaff of chaos.
* * * LOW HITPOINT WARNING * * *
Crazy Yiuf burns you.
* * * LOW HITPOINT WARNING * * *
It was a potion of ambrosia.
You are confused.
You feel invigorated.
Crazy Yiuf drinks a potion.
Crazy Yiuf is healed!
You barely miss Crazy Yiuf.
Crazy Yiuf is moderately wounded.
Crazy Yiuf misses you.
You completely miss Crazy Yiuf.
Crazy Yiuf is moderately wounded.
Crazy Yiuf hits you with a +2 quarterstaff of chaos.
* * * LOW HITPOINT WARNING * * *
Crazy Yiuf freezes you.
* * * LOW HITPOINT WARNING * * *
Okay, then.
You're too confused to move!
You feel sick.
Crazy Yiuf hits you with a +2 quarterstaff of chaos!
You die...

.# #.#
##.###..........#.#..)##.#
.# #.# #.##
##########.._.......# .#
#.####.## ###.##..#### .#
#....##.# ##### #.###.# .#
#.......# #)..# #.# #.#
.###.##)##.# #...# #.# #.#
.....##.##.# ... #.###.#
#######.##.# #g# #.##..#
#.##.# #@## #.##..# #.##.#
##.# #.##..# #....# #.##
###.##..#### ####.# ##.#
#.....).(... ### ##.##
#...##..#### ##...#
#......)# #....# #......##
##..## #.###### #....###.#


You could see Crazy Yiuf.

Vanquished Creatures
  Terence (D:2)
  An adder (D:2)
  A worm (D:2)
  2 dart slugs (D:2)
  4 leopard geckos
  3 giant cockroaches
  3 goblins
  9 hobgoblins
  13 jackals
  7 kobolds
  10 bats
  A frilled lizard (D:2)
  6 rats
61 creatures vanquished.

Notes
Turn   | Place    | Note
-------+----------+-------------------------------------------
     0 | D:1      | Faca the Merfolk Gladiator began the quest for the Orb.
     0 | D:1      | Reached XP level 1. HP: 16/16 MP: 1/1
    94 | D:1      | Reached XP level 2. HP: 19/23 MP: 2/2
   103 | D:1      | Reached skill level 5 in Polearms
   424 | D:2      | Reached XP level 3. HP: 29/29 MP: 3/3
   614 | D:2      | Found a basalt altar of Yredelemnul.
   627 | D:2      | Reached XP level 4. HP: 26/35 MP: 4/4
   715 | D:2      | Reached skill level 6 in Polearms
   939 | D:2      | Found a runed translucent door.
   940 | D:2      | Noticed Crazy Yiuf
   988 | D:2      | Noticed Terence
   997 | D:2      | Killed Terence
  1097 | D:2      | Slain by Crazy Yiuf

Skill      XL: |  1  2  3  4 |
---------------+-------------+-----
Polearms       | 5 6 |  6.4
Fighting       | 3 4 |  4.1
Throwing       | |  2.0
Dodging        | |  4.0

Action                   |  1- 3 |  4- 6 || total
-------------------------+-------+-------++-------
Melee: Trident           |    93 |    81 ||   174
  Use: Potion            |       |     1 ||     1
  Eat: Chunk             |       |     1 ||     1
Armor: Leather armour    |     1 |       ||     1
       Ring mail         |    19 |    32 ||    51
Dodge: Dodged            |    55 |    57 ||   112
